Selects Australian Defense Battlegroup
Selects Australian Light Infantry Section
Australian Light Infantry Section
Construct Section Command Post
Australian Light Infantry Section
Selects 2-pounder Anti-tank Gun Team
2-pounder Anti-tank Gun Team
Construct Platoon Command Post
Selects CMP 15cwt Supply Run
Construct Field Infirmary
Selects Reinforced Resource Caches
Unlock M3 Stuart Light Tanks
Australian Light Infantry Section
Australian Light Infantry Section
Selects Archer Tank Destroyer
2-pounder Anti-tank Gun Team
Construct Company Command Post
Selects Vehicle Over Repair